 Dungeon Crawl Stone Soup version 0.25.1-2-g60ff931df9 (webtiles) character file.

Game seed: 2635155134284841634

238 DerDa the Magician (level 5, -5/28 HPs)
             Began as a Deep Elf Air Elementalist on Aug 23, 2020.
             Slain by an ogre
             ... wielding a +0 giant spiked club
              (22 damage)
             ... on level 4 of the Dungeon.
             The game lasted 00:11:35 (4131 turns).

DerDa the Magician (Deep Elf Air Elementalist)      Turns: 4131, Time: 00:11:36

Health: -5/28      AC:  6    Str:  5    XL:     5   Next: 78%
Magic:  8/14       EV: 12    Int: 21    God:
Gold:   136        SH:  0    Dex: 15    Spells: 4/14 levels left

rFire    . . .     SeeInvis .   o - +6 spear (freeze)
rCold    . . .     Gourm    .   (no shield)
rNeg     . . .     Faith    .   y - +0 leather armour {MR+}
rPois    .         Spirit   .   n - +1 helmet
rElec    .         Reflect  .   (no cloak)
rCorr    +         Harm     .   p - +0 pair of gloves
MR       +....                  (no boots)
Stlth    ++........             (no amulet)
HPRegen  0.09/turn              j - ring of resist corrosion
MPRegen  0.14/turn              (no ring)

@: no status effects
A: no striking features
a: no special abilities


You were on level 4 of the Dungeon.
You were not hungry.

You visited 1 branch of the dungeon, and saw 4 of its levels.

You collected 136 gold pieces.

Inventory:

Hand Weapons
 d - a +0 short sword
 o - a +6 spear of freezing (weapon)
Missiles
 b - 80 stones (quivered)
 f - 6 curare-tipped darts
 t - 10 poisoned darts
Armour
 a - a +0 robe
 n - a +1 helmet (worn)
 p - a +0 pair of gloves (worn)
 y - a +0 leather armour of magic resistance (worn)
Jewellery
 j - a ring of resist corrosion (left hand)
Scrolls
 e - 2 scrolls of teleportation
 g - a scroll of fog
 k - 3 scrolls of remove curse
 r - a scroll of immolation {unknown}
 s - a scroll of enchant armour {unknown}
 w - 2 scrolls of identify
 x - a scroll of blinking
Potions
 h - a potion of degeneration {unknown}
 i - 3 potions of flight {unknown}
 l - a potion of cancellation {unknown}
 q - a potion of berserk rage {unknown}
 v - 2 potions of resistance
Comestibles
 c - 8 rations
 z - 2 chunks of flesh


   Skills:
 - Level 2.4 Dodging
 - Level 2.4 Stealth
 * Level 5.2 Spellcasting
 * Level 3.8 Conjurations
 * Level 4.4 Air Magic


You had 4 spell levels left.
You knew the following spells:

 Your Spells              Type           Power        Failure   Level  Hunger
a - Shock                 Conj/Air       ###.         3%          1    None
b - Swiftness             Chrm/Air       ##......     11%         2    None
c - Static Discharge      Conj/Air       ###.....     10%         3    ##.....
d - Airstrike             Air            ###.......   28%         4    ####...

Your spell library contained the following spells:

 Spells                   Type           Power        Failure   Level  Hunger
 Lightning Bolt           Conj/Air       ###.......   65%         5    #####..


Dungeon Overview and Level Annotations

Branches:
Dungeon (4/15)
 Temple: D:4-7

Altars:
Ashenzari
Kikubaaqudgha
Uskayaw
Wu Jian
Xom

Annotations:
D:3 Grinder


Message History

Aiming: Shock (safe; 3% risk of failure)
Press: ? - help, Shift-Dir - straight line The zap misses the ogre.
The zap hits the ogre.
The ogre is moderately wounded.
The zap misses the orc.
The ogre closely misses you.
The orc wizard casts a spell.
The orc wizard seems to speed up.
Casting: Shock (safe; 3% risk of failure)
Confirm with . or Enter, or press ? or * to list all spells.
Aiming: Shock (safe; 3% risk of failure)
Press: ? - help, Shift-Dir - straight line The zap hits the ogre.
The ogre is heavily wounded.
The zap hits the ogre.
The ogre is heavily wounded.
The zap hits the orc.
You kill the orc!
The ogre hits you with a +0 giant spiked club!!
Ouch! That really hurt!
You die...

##.####...>.....
##..####.........
#..###...........
##.###.....>......
#..###............
##.###............
#..###..#....<....
####..O)o......>.....
##....@##.............
##<.......#.#o.).......
#.........)_...........
#.........#.#....).....
#......................
#................#..#..
#................#...##
#................# ..#
##........).....## ...


You could see an ogre and an orc.

Vanquished Creatures
  A howler monkey (D:4)
  An orc priest (D:4)
  Robin (D:2)
  2 adders
  A gnoll (D:1)
  An ooze (D:2)
  A worm (D:2)
  3 dart slugs
  A leopard gecko (D:3)
  13 orcs
  5 giant cockroaches
  18 goblins
  14 hobgoblins
  13 kobolds
  2 quokkas (D:2)
  3 ball pythons
  6 bats
  9 frilled lizards
  A jackal skeleton (D:2)
  11 rats
  A bush (D:1)
108 creatures vanquished.

Notes
Turn   | Place    | Note
-------+----------+-------------------------------------------
     0 | D:1      | DerDa the Deep Elf Air Elementalist began the quest for the
                  | Orb.
     0 | D:1      | Reached XP level 1. HP: 10/10 MP: 6/6
   100 | D:1      | Reached XP level 2. HP: 15/15 MP: 4/8
   561 | D:1      | Reached XP level 3. HP: 19/19 MP: 0/10
  1545 | D:1      | Paralysed by fainting for 8 turns
  1561 | D:1      | Paralysed by fainting for 7 turns
  1627 | D:2      | Noticed Robin
  1631 | D:2      | Reached skill level 4 in Spellcasting
  1634 | D:2      | Killed Robin
  1723 | D:1      | Reached XP level 4. HP: 11/24 MP: 8/12
  2122 | D:2      | Found an ornate altar of the Wu Jian Council.
  2123 | D:2      | Found a shimmering altar of Xom.
  2142 | D:2      | Found a hide-covered altar of Uskayaw.
  2142 | D:2      | Found an ancient bone altar of Kikubaaqudgha.
  2248 | D:2      | Learned a level 2 spell: Swiftness
  2252 | D:2      | Learned a level 3 spell: Static Discharge
  2257 | D:2      | Learned a level 4 spell: Airstrike
  3274 | D:3      | Noticed Grinder
  3349 | D:3      | Reached XP level 5. HP: 28/28 MP: 10/14
  3819 | D:3      | Paralysed by Grinder for 3 turns
  3887 | D:4      | Reached skill level 5 in Spellcasting
  3894 | D:4      | Found a shattered altar of Ashenzari.
  4115 | D:4      | Noticed an ogre
  4131 | D:4      | Slain by an ogre

Illustrated notes

Levels and vault maps discovered:
D:1:      shiori_arrival_elements, layout_rooms, serial_forest,
          infiniplex_forest_straight_2, infiniplex_forest_end_2,
          infiniplex_forest_clump_medium, infiniplex_forest_corner_2
D:2:      layout_rooms, grunt_temple_overflow_open, uniq_robin
D:3:      layout_basic, first_ration, uniq_grinder
D:4:      layout_rooms, ashenzari_altar_1

Skill      XL: |  1  2  3  4  5 |
---------------+----------------+-----
Conjurations   | 2 3 |  3.8
Spellcasting   | 4 5 |  5.2
Air Magic      | 4 |  4.4
Dodging        | |  2.4
Stealth        | |  2.4

Action                   |  1- 3 |  4- 6 || total
-------------------------+-------+-------++-------
Melee: Short sword       |   352 |     2 ||   354
       Spear             |       |     9 ||     9
 Cast: Shock             |    64 |   134 ||   198
       Swiftness         |       |     1 ||     1
  Use: Scroll            |       |     5 ||     5
  Eat: Ration            |     1 |       ||     1
       Chunk             |       |     7 ||     7
Armor: Robe              |     5 |     4 ||     9
       Leather armour    |       |     1 ||     1
Dodge: Dodged            |    24 |    26 ||    50
